 Dungeon Crawl Stone Soup version 0.20.0-7-g3b7b877 (webtiles) character file.

49599 Chiseanne the Nimble (level 14, -9/132 HPs)
             Began as a Deep Dwarf Abyssal Knight on May 29, 2017.
             Was a High Priest of Lugonu.
             Killed from afar by a shock serpent (shapeshifter) (15 damage)
             ... with a bolt of electricity
             ... on level 12 of the Dungeon.
             The game lasted 01:12:30 (17235 turns).

Chiseanne the Nimble (Deep Dwarf Abyssal Knight)   Turns: 17235, Time: 01:12:31

Health: -9/132     AC: 22    Str: 21    XL:     14   Next: 16%
Magic:  5/5        EV: 22    Int: 12    God:    Lugonu [*****.]
Gold:   96         SH:  0    Dex: 16    Spells: 12/13 levels left

rFire    + . .     SeeInvis .   d - +8 rapier of the Queen {flame, +Blink Str+3}
rCold    + . .     Gourm    .   (no shield)
rNeg     + . .     Faith    .   M - +3 leather armour {rF+}
rPois    .         Spirit   .   l - +2 helmet
rElec    .         Reflect  .   k - +2 cloak
rCorr    .         Harm     .   N - +2 pair of gloves
MR       ++...                  C - +1 pair of boots
Stlth    +.........             (no amulet)
Regen    0.0/turn               W - +3 ring of protection
MPRegen  0.1/turn               t - ring of protection from cold

@: non-regenerating
A: damage resistance, heal wounds, negative energy resistance 1, sense
surroundings 2, no regeneration
a: Heal Wounds, Depart the Abyss, Bend Space, Banish, Corrupt, Enter the Abyss,
Renounce Religion, Evoke Blink


You were on level 12 of the Dungeon.
You worshipped Lugonu.
Lugonu was extremely pleased with you.
You were near starving.

You visited 2 branches of the dungeon, and saw 18 of its levels.
You visited the Abyss 1 time.

You collected 914 gold pieces.
You spent 818 gold pieces at shops.

Inventory:

Hand Weapons
 a - the +3 broad axe of the Ancients {flame, Stlth+}
   (You bought it in a shop on level 9 of the Dungeon)

   It has been specially enchanted to burn those struck by it, causing extra
   injury to most foes and up to half again as much damage against particularly
   susceptible opponents.
   Big, fiery blades are also staple armaments of hydra-hunters.
   It makes you more stealthy.
 d - the +8 rapier of the Queen (weapon) {flame, +Blink Str+3}
   (You found it on level 10 of the Dungeon)

   It has been specially enchanted to burn those struck by it, causing extra
   injury to most foes and up to half again as much damage against particularly
   susceptible opponents.
   It affects your strength (+3).
   It lets you blink.
 e - the +4 hunting sling "Qakuth" {velocity, Str+5}
   (You bought it in a shop on level 4 of the Dungeon)

   Any stone fired from it inflicts extra damage.
   It affects your strength (+5).
 s - a +6 flail of freezing
Missiles
 i - 332 arrows
 m - 8 curare-tipped needles
 n - 264 sling bullets
 u - 3 javelins (quivered)
 x - 107 bolts
 E - 2 throwing nets {!*}
Armour
 k - a +2 cloak (worn)
 l - a +2 helmet (worn)
 C - a +1 pair of boots (worn)
 M - a +3 leather armour of fire resistance (worn)
 N - a +2 pair of gloves (worn)
Jewellery
 t - a ring of protection from cold (right hand)
 H - an uncursed ring of resist corrosion
 K - an uncursed ring of protection from magic
 W - a +3 ring of protection (left hand)
 Z - an uncursed ring of magical power
Wands
 o - a wand of clouds (0/9)
 Q - a wand of digging (9/24)
 U - a wand of iceblast (4/15)
Scrolls
 f - a scroll of enchant weapon
 y - 6 scrolls of teleportation
 z - a scroll of immolation
 D - a scroll of fog
 I - 4 scrolls of remove curse
 L - 2 scrolls of amnesia
 O - a scroll of magic mapping
 R - 3 scrolls of identify
 S - a scroll of fear
 V - a scroll of recharging
 X - 2 scrolls of blinking
Potions
 b - a potion of flight
 g - 4 potions of curing
 h - 2 potions of cancellation
 q - 2 potions of might
 v - 5 potions of magic
 w - 3 potions of berserk rage
 A - 2 potions of resistance
 G - a potion of heal wounds
 P - 3 potions of brilliance
 Y - a potion of invisibility
Books
 T - a book of Misfortune

   Spells                             Type                      Level
   a - Confusing Touch                Hexes                        1
   b - Confuse                        Hexes                        3
   c - Gell's Gravitas                Translocation                3
   d - Petrify                        Transmutation/Earth          4
   e - Metabolic Englaciation         Hexes/Ice                    5
   f - Yara's Violent Unravelling     Hexes/Transmutation          5
Miscellaneous
 J - 2 phantom mirrors
Comestibles
 c - 10 bread rations
 j - 12 royal jellies
 p - 12 chunks of flesh
 r - 13 meat rations
 B - 39 fruits


   Skills:
 * Level 10.1 Fighting
 - Level 10.7 Axes
 - Level 9.2 Armour
 * Level 14.3 Dodging
 - Level 10.4 Invocations
 * Level 13.9 Evocations


You had 12 spell levels left.
You knew the following spells:

 Your Spells              Type           Power        Failure   Level  Hunger
a - Apportation           Tloc           #.....       36%         1    ##.....


Dungeon Overview and Level Annotations

Branches:
Dungeon (12/15)            Temple (0/1) D:7            Lair (6/6) D:8
  Swamp (0/4) Lair:4       Spider (0/4) Lair:4        Slime (0/5) Lair:6
    Orc (0/2) D:11

Altars:
Ashenzari
Cheibriados
Hepliaklqana
Makhleb
Okawaru
Trog
Uskayaw
Xom
The Shining One
Jiyva

Shops:
D:4 (   D:9 (*   D:10 ?

Annotations:
D:6 exclusion: upstairs
D:10 exclusion: upstairs
Lair:6 exclusion: 4 oklob plants
Abyss:1 Erica, Harold, Nergalle, Psyche, Snorg, Sonja


Innate Abilities, Weirdness & Mutations

You are resistant to damage.
You can heal yourself by infusing magical energy.
You resist negative energy. (rN+)
You passively map the area around you.
You do not regenerate.


Message History

The shock serpent shocks you!
* * * LOW HITPOINT WARNING * * *
You hit the shock serpent. You burn the shock serpent.
The shock serpent is moderately wounded.
The shock serpent completely misses you.
The shock serpent bites you.
* * * LOW HITPOINT WARNING * * *
The shock serpent shocks you!
* * * LOW HITPOINT WARNING * * *
You barely miss the shock serpent.
The shock serpent is moderately wounded.
The shock serpent completely misses you.
You completely miss the shock serpent.
The shock serpent is moderately wounded.
The shock serpent shoots out a bolt of lightning at you!
The bolt of electricity hits you!
* * * LOW HITPOINT WARNING * * *
The shock serpent shoots out a bolt of lightning at you!
The bolt of electricity hits you!
You die...

* * #..# #.# #..# #.# , #..# #.#
#..# #.# *, #..#####.#
#..#######.# * #....o...#
#..........# * *,,* #........#
#..........# *, *
#..#####.#####..#######.# , , ,
#..# #........# #.# . ,* #..#
#........# #.# #. #..#
#@####...# #.# #..###..# #S#
#...# #.# #......รท#####.#
#...#######.# #.........)...#
#...........# #.......).....#
#...........# #.............#
#...........# , ...............#
...........#
,..............(...,.......<...#
##.......^........,...........#


You could see a shock serpent shaped shifter.

Vanquished Creatures
  A catoblepas (Lair:6)
  A death yak (Lair:5)
  3 lindwurms (Lair:6)
  A cyclops (D:12)
  An orb spider (Lair:4)
  2 manticores (Lair:6)
  15 elephants
  A centaur zombie (D:12)
  Maurice (D:11)
  3 black mambas
  A torpor snail (Lair:6)
  14 spiny frogs
  4 rime drakes
  6 komodo dragons
  The ghost of Rim the Stinger, a novice OpVM (D:5)
  A troll (D:11)
  12 hippogriffs
  7 dream sheep (Lair:6)
  16 blink frogs
  A spriggan (D:10)
  30 yaks
  A human (D:10)
  2 wyverns
  5 basilisks
  2 soldier ants
  11 water moccasins
  6 porcupines
  An ice beast (D:6)
  5 orc warriors
  2 necrophages
  2 phantoms
  4 sky beasts
  3 slaves (D:4)
  13 ogres
  A boggart (shapeshifter) (D:4)
  43 wolves
  4 centaurs
  8 crocodiles
  10 bullfrogs
  A wyvern zombie (D:9)
  A wyvern skeleton (D:8)
  2 scorpions
  14 killer bees
  2 howler monkeys
  12 wights
  6 electric eels
  5 crimson imps
  4 hounds
  5 jellies
  8 orc priests
  5 bullfrog skeletons
  2 centaur skeletons
  3 iguanas
  9 orc wizards
  17 worker ants
  Terence (D:2)
  A killer bee zombie (D:7)
  2 worker ant zombies (D:6)
  11 adders
  3 gnolls (D:7)
  A shadow imp (D:5)
  2 oozes
  An adder skeleton (D:8)
  5 worms
  3 dart slugs
  2 leopard geckos
  51 orcs
  2 giant cockroaches
  3 goblins
  4 hobgoblins
  5 jackals
  5 quokkas
  3 ball pythons
  6 bats
  4 frilled lizards
  5 kobolds
  A leopard gecko skeleton (D:8)
  A quokka zombie (D:5)
  5 rats
  A butterfly (Lair:4)
  4 fungi (D:2)
  7 plants
480 creatures vanquished.

Vanquished Creatures (collateral kills)
  2 death yaks (Lair:5)
2 creatures vanquished.

Vanquished Creatures (others)
  6 hydras
  2 two-headed ogres
  2 death yaks (Lair:5)
  An unseen horror (D:10)
  A lindwurm (Lair:6)
  An ugly thing (D:11)
  A black mamba (Lair:3)
  A spiny frog (Lair:3)
  A komodo dragon (D:8)
  A polar bear (Lair:6)
  2 tyrant leeches (Lair:4)
  A hippogriff (Lair:6)
  A hungry ghost (D:12)
  A water moccasin (Lair:5)
  7 electric eels
  A bullfrog skeleton (D:10)
  An orc (D:11)
  A hobgoblin (D:1)
  26 fungi
  37 plants
95 creatures vanquished.

Grand Total: 577 creatures vanquished

Notes
Turn   | Place    | Note
-------+----------+-------------------------------------------
     0 | Abyss:1  | Chiseanne the Deep Dwarf Abyssal Knight began the quest for the Orb.
     0 | Abyss:1  | Reached XP level 1. HP: 20/20 MP: 2/2
    60 | Abyss:1  | Noticed a small abomination
    61 | Abyss:1  | Noticed a crimson imp
    69 | Abyss:1  | Noticed an earth elemental
    90 | Abyss:1  | Noticed an ancient zyme
    94 | Abyss:1  | Noticed a flying skull
    97 | D:1      | Escaped the Abyss
   170 | D:1      | Reached * piety under Lugonu
   241 | D:1      | Reached XP level 2. HP: 9/27 MP: 3/3
   592 | D:2      | Reached XP level 3. HP: 24/33 MP: 5/5
   615 | D:2      | HP: 1/33 [worm (7)]
   758 | D:2      | Found a faded altar of an unknown god.
   776 | D:2      | Noticed Terence
   809 | D:2      | Killed Terence
  1052 | D:2      | Found a runed door.
  1058 | D:2      | Noticed Crazy Yiuf
  1060 | D:2      | Noticed Crazy Yiuf
  1060 | D:2      | Crazy Yiuf changed into Crazy Yiuf the scorpion
  1068 | D:2      | Killed Crazy Yiuf the scorpion
  1068 | D:2      | Reached skill level 2 in Dodging
  1068 | D:2      | Reached XP level 4. HP: 42/42 MP: 6/6
  1486 | D:3      | Reached XP level 5. HP: 46/49 MP: 7/7
  1662 | D:3      | Found a faded altar of an unknown god.
  1662 | D:3      | Found a faded altar of an unknown god.
  1667 | D:3      | Found a shimmering altar of Xom.
  1669 | D:3      | Found a hazy altar of Hepliaklqana.
  1670 | D:3      | Found a shattered altar of Ashenzari.
  1784 | D:3      | Reached ** piety under Lugonu
  1898 | D:4      | Noticed a slave
  1916 | D:4      | a slave changed into a bullfrog
  1942 | D:4      | Noticed an ogre
  1951 | D:4      | Killed an ogre
  1951 | D:4      | Reached XP level 6. HP: 31/57 MP: 7/9
  2028 | D:4      | Found a bloodstained altar of Trog.
  2036 | D:4      | Reached skill level 3 in Dodging
  2089 | D:4      | Found Duilan's Antique Weapon Shop.
  2113 | D:4      | Noticed a slave
  2115 | D:4      | Noticed Pikel
  2115 | D:4      | Noticed a slave
  2116 | D:4      | Noticed a slave
  2130 | D:4      | Noticed Pikel
  2130 | D:4      | Pikel changed into Pikel the naga
  2130 | D:4      | Pikel the naga changed into Pikel the boggart
  2134 | D:4      | Killed a slave
  2138 | D:4      | Killed a slave
  2139 | D:4      | Killed a slave
  2264 | D:5      | Entered Level 5 of the Dungeon
  2414 | D:5      | Noticed Rim's ghost (novice OpVM)
  2470 | D:6      | Reached XP level 7. HP: 39/64 MP: 10/10
  2494 | D:6      | Found a hide-covered altar of Uskayaw.
  2644 | D:6      | Reached skill level 5 in Invocations
  2712 | D:6      | Reached skill level 4 in Dodging
  2730 | D:6      | Reached skill level 5 in Axes
  2825 | D:4      | Bought a dazzling war axe for 195 gold pieces
  2838 | D:4      | Identified the cursed +1 war axe "Giantslayer" {chop, MR+} (You bought it in a shop on level 4 of the Dungeon)
  2911 | D:5      | Killed Rim's ghost
  2911 | D:5      | Reached skill level 5 in Armour
  2911 | D:5      | Reached XP level 8. HP: 55/73 MP: 12/12
  3043 | D:5      | Reached *** piety under Lugonu
  3313 | D:5      | Reached skill level 5 in Dodging
  3992 | D:5      | Noticed a rust devil
  3992 | D:5      | Noticed a rust devil
  4153 | D:7      | Gained mutation: You passively map the area around you. [Deep Dwarf growth]
  4153 | D:7      | Reached XP level 9. HP: 65/79 MP: 13/13
  4236 | D:7      | Found a staircase to the Ecumenical Temple.
  4402 | D:7      | Reached **** piety under Lugonu
  4473 | D:8      | Reached skill level 6 in Dodging
  4507 | D:8      | Found a snail-covered altar of Cheibriados.
  4943 | D:8      | You fall through a shaft for 2 floors!
  4943 | D:10     | Entered Level 10 of the Dungeon
  5019 | D:10     | Reached skill level 7 in Dodging
  5021 | D:10     | Noticed Erica
  5054 | D:10     | Banished Erica
  5054 | D:10     | Reached XP level 10. HP: 64/87 MP: 14/16
  5107 | D:10     | Got a warped rapier
  5162 | D:10     | Identified the +8 rapier of the Queen {flame, +Blink Str+3} (You found it on level 10 of the Dungeon)
  5244 | D:10     | Noticed Psyche
  5244 | D:10     | Banished Psyche
  5294 | D:10     | Reached skill level 5 in Fighting
  5366 | D:10     | Found Cikhojep's Magic Scroll Boutique.
  5372 | D:10     | Bought a scroll of identify for 26 gold pieces
  5372 | D:10     | Bought a scroll of identify for 26 gold pieces
  5562 | D:10     | Banished an unseen horror
  5562 | D:10     | Reached skill level 8 in Dodging
  5562 | D:10     | Reached skill level 10 in Invocations
  5763 | D:11     | Noticed a two-headed ogre
  5765 | D:11     | Banished a two-headed ogre
  5918 | D:11     | Noticed Harold
  5926 | D:11     | Banished Harold
  6133 | D:11     | Noticed Snorg
  6134 | D:11     | Banished Snorg
  6134 | D:11     | Reached skill level 1 in Evocations
  6142 | D:11     | Noticed Maurice
  6285 | D:12     | Noticed a two-headed ogre
  6900 | D:11     | Killed Maurice
  6900 | D:11     | Reached skill level 9 in Dodging
  6900 | D:11     | Reached XP level 11. HP: 73/98 MP: 11/14
  7107 | D:11     | Found a staircase to the Orcish Mines.
  7132 | D:11     | Noticed a red ugly thing
  7132 | D:11     | Banished a red ugly thing
  7299 | D:9      | Found a glowing golden altar of the Shining One.
  7299 | D:9      | Found a bloodstained altar of Trog.
  7364 | D:9      | Found Dugy's Antique Weapon Shop.
  7593 | D:9      | Found Ulegant's Assorted Antiques.
  7601 | D:9      | Bought a scroll labeled NOMICO ZUBOT for 17 gold pieces
  7601 | D:9      | Bought a yellow potion for 15 gold pieces
  7601 | D:9      | Bought a scroll labeled SEREIR KOFOGINN for 17 gold pieces
  7601 | D:9      | Bought a thin emerald amulet for 85 gold pieces
  7693 | D:9      | Found an iron altar of Okawaru.
  8410 | D:8      | Found a staircase to the Lair.
  8690 | Lair:1   | Entered Level 1 of the Lair of Beasts
  8697 | Lair:1   | Reached skill level 5 in Evocations
  9326 | Lair:1   | Reached skill level 10 in Dodging
  9757 | Lair:2   | Noticed an eight-headed hydra
  9758 | Lair:2   | Banished an eight-headed hydra
 10817 | Lair:3   | Noticed Sonja
 10818 | Lair:3   | Banished Sonja
 10818 | Lair:3   | Reached skill level 11 in Dodging
 10818 | Lair:3   | Reached XP level 12. HP: 88/111 MP: 10/10
 10891 | Lair:3   | Noticed an eight-headed hydra
 10893 | Lair:3   | Banished an eight-headed hydra
 10905 | Lair:3   | Learned a level 1 spell: Apportation
 12155 | Lair:4   | Noticed Nergalle
 12158 | Lair:4   | Banished Nergalle
 12261 | Lair:4   | Reached skill level 10 in Evocations
 12262 | Lair:4   | Reached skill level 12 in Dodging
 12383 | Lair:4   | Found a staircase to the Swamp.
 12429 | Lair:4   | Found a burning altar of Makhleb.
 12508 | Lair:4   | Found a hole to the Spider Nest.
 12583 | Lair:4   | Noticed a five-headed hydra
 12583 | Lair:4   | Banished a five-headed hydra
 12822 | Lair:5   | Noticed a five-headed hydra
 12823 | Lair:5   | Banished a five-headed hydra
 13214 | Lair:5   | Reached XP level 13. HP: 80/123 MP: 11/11
 13283 | Lair:5   | Reached skill level 10 in Fighting
 13874 | D:9      | Bought a fine broad axe for 288 gold pieces
 13875 | D:9      | Identified the +3 broad axe of the Ancients {flame, Stlth+} (You bought it in a shop on level 9 of the Dungeon)
 14015 | D:4      | Bought a crystal hunting sling for 149 gold pieces
 14016 | D:4      | Identified the +4 hunting sling "Qakuth" {velocity, Str+5} (You bought it in a shop on level 4 of the Dungeon)
 14574 | Lair:6   | Entered Level 6 of the Lair of Beasts
 14786 | Lair:6   | Reached skill level 13 in Dodging
 15565 | Lair:6   | Reached skill level 10 in Axes
 15804 | Lair:6   | Reached skill level 14 in Dodging
 15993 | Lair:6   | Reached ***** piety under Lugonu
 15993 | Lair:6   | Gained mutation: You resist negative energy. (rN+) [Deep Dwarf growth]
 15993 | Lair:6   | Reached XP level 14. HP: 81/132 MP: 5/5
 16576 | Lair:6   | Found a viscous altar of Jiyva.
 16576 | Lair:6   | Found a staircase to the Slime Pits.
 17235 | D:12     | HP: 6/132 [shock serpent (shapeshifter)/bolt of electricity (6)]
 17235 | D:12     | Killed from afar by a shock serpent (shapeshifter)

Skill      XL: |  1  2  3  4  5  6  7  8  9 10 11 12 13 |
---------------+----------------------------------------+-----
Invocations    | 3 4 6 7 9 10 | 10.4
Fighting       | 3 4 6 8 9 10 | 10.1
Axes           | 3 4 5 6 8 10 | 10.7
Armour         | 3 4 5 6 7 9 |  9.2
Dodging        | 2 3 4 5 7 9 11 12 14 | 14.3
Evocations     | 3 7 11 13 | 13.9

Action                   |  1- 3 |  4- 6 |  7- 9 | 10-12 | 13-15 || total
-------------------------+-------+-------+-------+-------+-------++-------
Melee: Hand axe          |   106 |       |       |       |       ||   106
       Quarterstaff      |       |   144 |    49 |       |       ||   193
       War axe           |       |       |   107 |    11 |       ||   118
       Flail             |       |       |   178 |    12 |       ||   190
       Rapier            |       |       |       |   714 |   631 ||  1345
       Broad axe         |       |       |       |       |    21 ||    21
 Fire: Hunting sling     |       |       |       |       |     5 ||     5
Throw: Javelin           |       |       |    11 |     1 |     9 ||    21
       Stone             |       |       |       |     9 |       ||     9
Invok: Depart the Abyss  |     1 |       |       |       |       ||     1
       Banish            |       |       |       |    31 |     8 ||    39
 Abil: Heal Wounds       |     1 |     2 |     7 |    28 |    54 ||    92
Evoke: Wand              |     2 |     2 |    10 |    45 |    37 ||    96
  Use: Potion            |     5 |       |     2 |     8 |     4 ||    19
       Scroll            |     5 |     8 |    10 |    15 |     5 ||    43
 Stab: Paralysed         |       |     1 |       |       |       ||     1
       Petrifying        |       |       |     1 |       |       ||     1
       Confused          |       |       |       |     5 |     5 ||    10
       Petrified         |       |       |       |       |    11 ||    11
       Distracted        |       |       |       |       |     2 ||     2
  Eat: Chunk             |     1 |     4 |     9 |    35 |    16 ||    65
       Fruit             |       |       |       |     2 |     2 ||     4
Armor: Leather armour    |    24 |       |       |   237 |   231 ||   492
       Chain mail        |    20 |   110 |   295 |   104 |       ||   529
Dodge: Dodged            |    47 |    68 |   226 |   748 |   872 ||  1961
